 Dungeon Crawl Stone Soup version 0.28.0-62-gf88900778d (webtiles) character file.

Game seed: 13575479148597526034

499 cbfl8 the Cudgeller (level 7, 0/44 HPs)
             Began as a Gargoyle Berserker on June 16, 2023.
             Was a Believer of Trog.
             Slain by an orc
             ... wielding a +0 dagger
              (2 damage)
             ... on level 7 of the Dungeon.
             The game lasted 00:03:59 (3990 turns).

cbfl8 the Cudgeller (Gargoyle Berserker)            Turns: 3990, Time: 00:04:00

Health: 0/44       AC: 16    Str: 20    XL:     7   Next: 16%
Magic:  7/7        EV:  8    Int:  8    God:    Trog [**....]
Gold:   103        SH:  0    Dex: 11    Spells: 6/6 levels left

rFire   . . .      SeeInvis .   a - +0 mace
rCold   . . .      Faith    .   (no shield)
rNeg    + . .      Spirit   .   n - +0 chain mail
rPois   ∞          Reflect  .   (no helmet)
rElec   +          Harm     .   (no cloak)
rCorr   .          Rampage  .   (no gloves)
Will    +....                   q - +1 pair of boots
Stlth   ..........              (no amulet)
HPRegen 0.14/turn               i - ring of willpower
MPRegen 0.10/turn               (no ring)

@: on berserk cooldown, slowed, very slow
A: sickness immunity, AC +4, negative energy resistance 1, electricity
resistance, torment resistance 1, petrification resistance
a: Renounce Religion, Berserk, Trog's Hand


You were on level 7 of the Dungeon.
You worshipped Trog.
Trog was pleased with you.
You visited 1 branch of the dungeon, and saw 6 of its levels.

You collected 103 gold pieces.

Inventory:

Hand Weapons
 a - a +0 mace (weapon)
Armour
 n - a +0 chain mail (worn)
 q - a +1 pair of boots (worn)
Jewellery
 i - a ring of willpower (left hand)
Wands
 p - a wand of flame (25)
Scrolls
 c - a scroll of enchant weapon {unknown}
 d - a scroll of magic mapping {unknown}
 f - 2 scrolls of identify {unknown}
 g - 2 scrolls of noise
 h - 2 scrolls of enchant armour {unknown}
 k - 2 scrolls of fog {unknown}
 r - a scroll of teleportation {unknown}
Potions
 b - a potion of magic {unknown}
 e - 3 potions of might {unknown}
 j - 3 potions of attraction {unknown}
 l - a potion of cancellation {unknown}
 m - a potion of curing {unknown}
 o - a potion of brilliance {unknown}


   Skills:
 + Level 4.3 Fighting
 + Level 5.3 Maces & Flails
 + Level 3.0 Armour
 + Level 3.0 Dodging
 + Level 1.3 Stealth
 * Level 2.6 Evocations


You had 6 spell levels left.
You didn't know any spells.
Your spell library was empty.

Dungeon Overview and Level Annotations

Branches:
Dungeon (7/15)
 Temple: D:4-7

Altars:
Vehumet
Zin


Innate Abilities, Weirdness & Mutations

You are immune to sickness and miasma.
Your stone body is resilient. (AC +4)
You are immune to poison.
You resist negative energy. (rN+)
You are resistant to electric shocks. (rElec)
You are resistant to unholy torment.
You are immune to petrification.


Message History

You closely miss the hornet zombie.
The hornet zombie is severely damaged.
The orc hits you but does no damage. The hornet zombie hits you!
The orc hits you but does no damage. x2; The orc barely misses you.
You hit the hornet zombie. You punch the hornet zombie!
You destroy the hornet zombie!
Trog accepts your kill. The orc hits you with a +0 dagger.
* * * LOW HITPOINT WARNING * * *
The orc closely misses you. The orc hits you but does no damage.
Your Armour skill increases to level 3!
Your Dodging skill increases to level 3!
You have reached level 7!
You sock the ice beast!
The ice beast is moderately wounded.
The orc barely misses you.
The ice beast hits you but does no damage.
The orc hits you but does no damage. The orc barely misses you.
Unknown command.
You barely miss the ice beast.
The ice beast is moderately wounded.
The orc barely misses you. The orc hits you but does no damage.
The ice beast completely misses you. The orc hits you but does no damage.
Unknown command.
You sock the ice beast!
The ice beast is severely wounded.
You are no longer berserk.
You are exhausted.
You feel yourself slow down. The orc hits you but does no damage.
The orc closely misses you. The orc hits you with a +0 flail.
* * * LOW HITPOINT WARNING * * *
The ice beast hits you but does no damage.
You hit the ice beast.
The ice beast is severely wounded.
The orc hits you but does no damage. The orc barely misses you.
The orc hits you with a +1 short sword of draining.
* * * LOW HITPOINT WARNING * * *
The ice beast barely misses you. The orc hits you but does no damage.
The orc barely misses you. The orc hits you with a +0 dagger.
You die...

...# ...###
....>## ######
......####
.....###
....##...###
......###
.#######...###
..?.....# ##
###...###........
####..#oo......
###o@Y......
###o......
#...... ......
..... ..... ....
..#.


You could see an ice beast and 4 orcs.

Vanquished Creatures
  Sigmund (D:3)
  A hornet zombie (D:7)
  3 orc priests (D:3)
  A gnoll shaman (D:7)
  5 gnolls
  2 adders
  3 dart slugs
  6 orcs
  5 ball pythons
  An endoplasm (D:1)
  A giant cockroach (D:1)
  A goblin (D:3)
  5 hobgoblins
  7 jackals
  7 kobolds
  2 quokkas (D:1)
  6 bats
  6 frilled lizards
  4 rats (D:1)
67 creatures vanquished.

Notes
Turn   | Place    | Note
-------+----------+-------------------------------------------
     0 | D:1      | cbfl8 the Gargoyle Berserker began the quest for the Orb.
     0 | D:1      | Reached XP level 1. HP: 14/14 MP: 1/1
   443 | D:1      | Reached XP level 2. HP: 17/19 MP: 2/2
   976 | D:1      | Reached XP level 3. HP: 23/23 MP: 3/3
  1236 | D:1      | Reached skill level 1 in Evocations
  1610 | D:2      | Reached ** piety under Trog
  1754 | D:2      | Found a faded altar of an unknown god.
  1890 | D:2      | Reached XP level 4. HP: 23/29 MP: 4/4
  2268 | D:3      | Reached skill level 4 in Maces & Flails
  2272 | D:3      | Reached XP level 5. HP: 16/33 MP: 5/5
  2457 | D:3      | Noticed Sigmund
  2566 | D:3      | HP: 2/49 [orc/+0 club (2)]
  3243 | D:3      | Killed Sigmund
  3244 | D:3      | Reached skill level 5 in Maces & Flails
  3244 | D:3      | Reached skill level 1 in Stealth
  3244 | D:3      | Reached XP level 6. HP: 27/38 MP: 6/6
  3423 | D:3      | Found a radiant altar of Vehumet.
  3740 | D:4      | You fall into a shaft and drop 3 floors!
  3740 | D:7      | Found a glowing silver altar of Zin.
  3948 | D:6      | Noticed a water moccasin
  3976 | D:7      | Noticed an ice beast
  3987 | D:7      | Reached XP level 7. HP: 16/44 MP: 7/7
  3990 | D:7      | HP: 2/44 [orc/+1 short sword of draining (5)]
  3990 | D:7      | Slain by an orc

Illustrated notes

Levels and vault maps discovered:
D:1:      matt_arrival_los_fun, layout_basic, hangedman_feature_mirror
D:2:      layout_basic, ebering_ecumenical_altar_webs
D:3:      layout_rooms, vehumet_altar_wand_db, uniq_sigmund
D:4:      layout_cave_pools, cheibrodos_sewer_entry_bend, lightli_corner_chamber
D:6:      layout_basic, mainiacjoe_overflow_tiny_flanked, pf_just_have_faith,
          makhleb_altar_promises_db, enter_ossuary_5, moated_statue,
          nicolae_figureground_sparkle, uniq_duvessa
D:7:      cheibrodos_helix_gallery, layout_cave_pods, zin_academy,
          minmay_temple_entry_statues_fountains, minmay_statues_item

Skill      XL: |  1  2  3  4  5  6 |
---------------+-------------------+-----
Evocations     | 1 2 |  2.6
Maces & Flails | 4 5 |  5.3
Dodging        | 2 3 |  3.0
Fighting       | 4 |  4.3
Stealth        | 1 |  1.3
Armour         | 3 |  3.0

Action                   |  1- 3 |  4- 6 |  7- 9 || total
-------------------------+-------+-------+-------++-------
Melee: Mace              |   141 |    92 |     4 ||   237
       Punch             |     1 |     1 |       ||     2
Invok: Berserk           |       |     5 |       ||     5
  Use: Scroll            |       |     1 |       ||     1
Armor: Animal skin       |    56 |    20 |       ||    76
       Chain mail        |       |    31 |     8 ||    39
Dodge: Dodged            |   117 |    73 |     8 ||   198
